 Dungeon Crawl Stone Soup version 0.24-a0-201-gf205589 (webtiles) character file.

Game seed: 17985963638205864962

1396 Borgoz the Covered (level 8, -4/68 HPs)
             Began as a Ghoul Fighter on Mar 22, 2019.
             Slain by an ogre
             ... wielding a +0 giant spiked club
              (19 damage)
             ... on level 5 of the Dungeon.
             The game lasted 00:08:41 (4164 turns).

Borgoz the Covered (Ghoul Fighter)                  Turns: 4164, Time: 00:08:42

Health: -4/68      AC: 17    Str: 17 (20) XL:     8   Next: 68%
Magic:  7/7        EV:  4    Int:  5      God:
Gold:   288        SH:  9    Dex:  7 (8)  Spells: 7/7 levels left

rFire    . . .     SeeInvis .   a - +0 rapier
rCold    + . .     Gourm    .   c - +0 shield
rNeg     + + +     Faith    .   j - +0 plate armour
rPois    ∞         Spirit   .   e - +2 helmet
rElec    .         Reflect  .   (no cloak)
rCorr    .         Harm     .   i - +1 pair of gloves
MR       .....                  (no boots)
Stlth    ..........             (no amulet)
HPRegen  0.00/turn              (no ring)
MPRegen  0.10/turn              (no ring)

@: rotting
A: rotting body, claws 1, carnivore, cold resistance 1, negative energy
resistance 3, inhibited regeneration, torment resistance, unbreathing
a: no special abilities


You were on level 5 of the Dungeon.
You were not hungry.

You visited 1 branch of the dungeon, and saw 5 of its levels.

You collected 288 gold pieces.

Inventory:

Hand Weapons
 a - a +0 rapier (weapon)
Missiles
 m - 2 tomahawks (quivered)
Armour
 c - a +0 shield (worn)
 e - a +2 helmet (worn)
 i - a +1 pair of gloves (worn)
 j - a +0 plate armour (worn)
Jewellery
 b - an uncursed ring of ice
 o - an uncursed amulet of faith
Wands
 v - a wand of digging (6)
 y - a wand of polymorph (4)
Scrolls
 h - 2 scrolls of enchant armour
 k - 3 scrolls of remove curse
 n - a scroll of enchant weapon {unknown}
 q - a scroll of magic mapping {unknown}
 s - a scroll of blinking {unknown}
 t - a scroll of teleportation {unknown}
 u - a scroll of identify
 w - a scroll of amnesia {unknown}
Potions
 d - 2 potions of might
 g - a potion of curing
 l - 2 potions of brilliance
 p - a potion of flight
Comestibles
 f - 5 rations
 r - a chunk of flesh


   Skills:
 + Level 5.0 Fighting
 * Level 5.0 Short Blades
 * Level 5.4 Armour
 * Level 4.5 Dodging
 + Level 4.2 Shields


You had 7 spell levels left.
You didn't know any spells.
Your spell library contained the following spells:

 Spells                   Type           Power        Failure   Level  Hunger
 Animate Skeleton         Necr           N/A          100%        1    ##.....
 Pain                     Necr           #...         100%        1    ##.....
 Regeneration             Chrm/Necr      #.........   100%        3    ####...
 Vampiric Draining        Necr           #.........   100%        3    ####...
 Animate Dead             Necr           N/A          100%        4    #####..


Dungeon Overview and Level Annotations

Branches:
Dungeon (5/15)
 Temple: D:4-7

Altars:
Kikubaaqudgha
Okawaru
Uskayaw
Wu Jian


Innate Abilities, Weirdness & Mutations

Your body is rotting away.
You thrive on raw meat.
You are immune to poison.
You have sharp fingernails.
You are carnivorous and can eat meat at any time.
Your flesh is cold resistant. (rC+)
You are immune to negative energy. (rN+++)
You do not regenerate when monsters are visible.
You are immune to unholy pain and torment.
You can survive without breathing.


Message History

You block the ogre's attack.
You hit the ogre.
The ogre is lightly wounded.
The ogre hits you with a +0 giant spiked club!
You are too injured to fight recklessly!
You are too injured to fight recklessly!
You are too injured to fight recklessly!
You are too injured to fight recklessly!
You are too injured to fight recklessly!
You are too injured to fight recklessly!
You hit the ogre.
The ogre is moderately wounded.
The ogre hits you with a +0 giant spiked club!!
* * * LOW HITPOINT WARNING * * *
Your plate armour prevents you from hitting the ogre.
The ogre is moderately wounded.
Eat one of 2 chunks of flesh? (ye/n/q)
You eat one of the 2 chunks of flesh.
This raw flesh tastes great!
The ogre hits you with a +0 giant spiked club!!
You die...

..####...........# ..
..####...........##..
..##..............'.
..##.............##.. ..
#..#.............####...
...#...####.............
...##### ######........
. #.####... . #@# .
#O†.....# . #.#.##.## .
#<#.# . ... . #.. .. #..
.. #... .##


You could see an ogre.

Vanquished Creatures
  Pikel (D:4)
  Sigmund (D:5)
  A slave (D:4)
  A centaur (D:5)
  2 howler monkeys
  A centaur zombie (D:5)
  4 orc priests (D:4)
  3 orc wizards
  Terence (D:2)
  An iguana (D:4)
  Natasha (thrice) (D:2)
  2 worker ants (D:4)
  A hound skeleton (D:5)
  Robin (D:2)
  3 gnolls (D:4)
  7 adders
  An adder zombie (D:4)
  An adder skeleton (D:5)
  3 worms (D:2)
  2 dart slugs (D:1)
  5 leopard geckos
  16 orcs
  A ball python (D:1)
  5 giant cockroaches
  14 goblins
  10 hobgoblins
  3 jackals (D:3)
  4 kobolds
  5 quokkas
  8 bats
  2 frilled lizards
  A leopard gecko skeleton (D:5)
  7 rats
121 creatures vanquished.

Vanquished Creatures (others)
  A scorpion (D:5)
  A centaur skeleton (D:5)
  An orc priest (D:5)
  An orc wizard (D:5)
  3 orcs (D:5)
7 creatures vanquished.

Grand Total: 128 creatures vanquished

Notes
Turn   | Place    | Note
-------+----------+-------------------------------------------
     0 | D:1      | Borgoz the Ghoul Fighter began the quest for the Orb.
     0 | D:1      | Reached XP level 1. HP: 19/19 MP: 0/0
   201 | D:1      | Reached XP level 2. HP: 24/26 MP: 1/1
   440 | D:1      | Reached skill level 1 in Dodging
   440 | D:1      | Reached XP level 3. HP: 30/31 MP: 2/2
   761 | D:2      | Noticed Robin
   814 | D:2      | Killed Robin
   814 | D:2      | Reached XP level 4. HP: 32/38 MP: 3/3
   879 | D:2      | Noticed Terence
   891 | D:2      | Killed Terence
  1481 | D:2      | Noticed Natasha
  1492 | D:2      | Killed Natasha
  1492 | D:2      | Reached XP level 5. HP: 31/46 MP: 4/4
  1854 | D:2      | Noticed Natasha
  1874 | D:2      | Killed Natasha
  1995 | D:2      | Noticed Natasha
  2006 | D:2      | Killed Natasha
  2190 | D:3      | Found an ancient bone altar of Kikubaaqudgha.
  2288 | D:3      | Found an ornate altar of the Wu Jian Council.
  2541 | D:3      | Found a hide-covered altar of Uskayaw.
  2682 | D:4      | Reached XP level 6. HP: 37/51 MP: 5/5
  3350 | D:4      | Reached XP level 7. HP: 33/59 MP: 6/6
  3495 | D:5      | Entered Level 5 of the Dungeon
  3507 | D:5      | Found an iron altar of Okawaru.
  3861 | D:5      | Noticed Pikel
  3891 | D:4      | Killed Pikel
  3891 | D:4      | Reached skill level 5 in Armour
  3891 | D:4      | Reached XP level 8. HP: 54/67 MP: 7/7
  4038 | D:5      | Noticed Sigmund
  4082 | D:5      | Killed Sigmund
  4082 | D:5      | Reached skill level 5 in Fighting
  4082 | D:5      | Reached skill level 5 in Short Blades
  4164 | D:5      | Slain by an ogre

Levels and vault maps discovered:
D:1:      dpeg_arrival_long_road, layout_basic
D:2:      layout_basic, serial_aquarium, aquarium_bridge_straight
          [aquarium_subvault_bridge, aquarium_subvault_wall,
          aquarium_subvault_bridge, aquarium_subvault_wall], aquarium_window_3,
          aquarium_window_fake, aquarium_view_2c, minmay_indecisive_spiral,
          uniq_natasha, uniq_terence, uniq_robin
D:3:      layout_rooms, lemuel_doored_altar, overflow_temple_1_default,
          kiku_gazebo_pond_becter
D:4:      layout_basic, first_ration
D:5:      minmay_diamond_boxcup, layout_basic, slow_altar_2, serial_shops,
          nicolae_shop_window_shopping, shop, nicolae_shop_trees,
          nicolae_shop_temple_entry_statues_fountains, okawaru_gym_becter,
          uniq_pikel, uniq_sigmund

Skill      XL: |  1  2  3  4  5  6  7  8 |
---------------+-------------------------+-----
Short Blades   | 2 3 4 5 |  5.0
Armour         | 3 4 5 |  5.4
Dodging        | 1 2 3 4 |  4.5
Shields        | 3 4 |  4.2
Fighting       | 4 5 |  5.0

Action                   |  1- 3 |  4- 6 |  7- 9 || total
-------------------------+-------+-------+-------++-------
Melee: Rapier            |   137 |   354 |   220 ||   711
  Use: Potion            |     1 |       |     4 ||     5
       Scroll            |       |     6 |       ||     6
  Eat: Chunk             |     2 |     9 |    23 ||    34
Armor: Plate armour      |   101 |   261 |   237 ||   599
Dodge: Dodged            |    31 |    39 |    66 ||   136
Block: Shield            |    84 |   175 |   156 ||   415

Table legend:
 A = Non-vault XP
 B = Vault XP
 C = Vault XP percentage of total XP
 D = Non-vault monster count
 E = Vault monster count
 F = Vault count percentage of total count
                 A         B        C        D         E       F
            +---------+---------+-------+---------+---------+-------
      Total |    1060 |     935 |  46.9 |      99 |      22 |  18.2
            +---------+---------+-------+---------+---------+-------
        D:1 |      45 |       0 |   0.0 |      23 |       0 |   0.0
        D:2 |     106 |     114 |  51.8 |      12 |      19 |  61.3
        D:3 |      28 |       0 |   0.0 |      15 |       0 |   0.0
        D:4 |     570 |     607 |  51.6 |      35 |       1 |   2.8
        D:5 |     311 |     214 |  40.8 |      14 |       2 |  12.5
            +---------+---------+-------+---------+---------+-------
